 Dungeon Crawl Stone Soup version 0.31-a0-208-gdb31a4691d (webtiles) character file.

Game seed: 15585798787339710592

1169 freelancePsychic the Slasher (level 7, -1/61 HPs)
             Began as a Demigod Fighter on June 28, 2023.
             Slain by an acid dragon (3 damage)
             ... on level 6 of the Dungeon.
             The game lasted 00:09:54 (6464 turns).

freelancePsychic the Slasher (Demigod Fighter)      Turns: 6464, Time: 00:09:55

Health: -1/61      AC:  3    Str: 17    XL:     7   Next: 96%
Magic:  0/9        EV: 11    Int: 10    God:
Gold:   222        SH:  6    Dex: 21    Spells: 6/6 levels left

rFire   . . .        a - +0 long sword
rCold   . . .        c - +0 buckler
rNeg    . . .        y - +0 steam dragon scales
rPois   .            t - +0 helmet
rElec   .            s - +0 cloak
rCorr   .            (no gloves)
SInv    .            (no boots)
Will    .....        l - amulet of guardian spirit
Stlth   ++           (no ring)
HPRegen 0.30/turn    (no ring)
MPRegen 0.11/turn

%: guardian spirit
@: mighty, corroded, studying 2 skills
A: high MP 1, forlorn, divine attributes
a: no special abilities


You were on level 6 of the Dungeon.
You visited 1 branch of the dungeon, and saw 6 of its levels.

You collected 222 gold pieces.

Inventory:

Hand Weapons
 a - a +0 long sword (weapon)
Missiles
 p - 7 poisoned darts
 x - a curare-tipped dart (quivered)
Armour
 b - a +0 scale mail
 c - a +0 buckler (worn)
 k - a +0 ring mail
 s - a +0 cloak (worn)
 t - a +0 helmet (worn)
 y - +0 steam dragon scales (worn)
Jewellery
 l - an amulet of guardian spirit (around neck)
 z - an amulet of reflection
Scrolls
 f - a scroll of torment
 i - a scroll of poison
 n - 2 scrolls of teleportation {@r4}
 q - a scroll of vulnerability
 r - a scroll of revelation
 u - a scroll of blinking
 v - a scroll of enchant armour
 w - a scroll of fear
Potions
 e - a potion of magic
 h - a potion of lignification {unknown}
 j - 2 potions of curing {@q1}
 m - a potion of haste {unknown}
 o - a potion of attraction {unknown}


   Skills:
 + Level 5.2 Fighting
 + Level 7.0 Long Blades
 - Level 2.6 Armour
 * Level 1.1 Dodging
 - Level 1.4 Stealth
 - Level 5.0 Shields


You had 6 spell levels left.
You didn't know any spells.
Your spell library contained the following spells:

 Spells                   Type           Power      Damage    Failure   Level
 Sandblast                Erth           0%         2d4       43%         1
 Passwall                 Tmut/Erth      0%         N/A       58%         2
 Inner Flame              Hex/Fire       0%         N/A       82%         3
 Stone Arrow              Conj/Erth      0%         3d7       82%         3
 Yara's Violent Unravell  Hex/Tmut       0%         3d3       100%        5
 Enfeeble                 Hex            0%         N/A       100%        7
 Borgnjor's Revivificati  Necr           0%         N/A       100%        8
 Necromutation            Tmut/Necr      0%         N/A       100%        8
 Death's Door             Necr           0%         N/A       100%        9


Dungeon Overview and Level Annotations

Branches:
Dungeon (6/15)             Temple (0/1) D:5

Annotations:
D:4 Eustachio


Innate Abilities, Weirdness & Mutations

You have an increased reservoir of magic. (+10% MP)
You shall have no god before yourself.
Your divine heritage dramatically boosts your attributes as you level up.


Message History

You feel much better. The hound closely misses you. The acid dragon bites you!
The acid dragon claws you.
The acid dragon attacks as you move away!
The acid dragon misses you.
The acid dragon claws you but does no damage.
The hound barely misses you.
You hit the hound.
The hound is lightly wounded.
The hound closely misses you. You block the hound's attack.
You feel very mighty all of a sudden. You block the hound's attack.
You barely miss the hound.
The hound is lightly wounded.
The hound bites you.
You closely miss the acid dragon.
The acid dragon is moderately wounded.
You hit the acid dragon but do no damage.
The acid dragon is moderately wounded.
The acid dragon bites you. The acid dragon claws you.
You slash the acid dragon!
The acid dragon is severely wounded.
The acid dragon bites you!
* * * LOW HITPOINT WARNING * * *
You block the acid dragon's attack.
You completely miss the acid dragon.
The acid dragon is severely wounded.
The acid dragon spits acid at you. The splash of acid misses you.
You slash the acid dragon!
The acid dragon is almost dead.
The acid dragon bites you.
* * * LOW HITPOINT WARNING * * *
The acid dragon claws you.
* * * LOW HITPOINT WARNING * * *
You hit the acid dragon.
The acid dragon is almost dead.
The acid dragon bites you!
* * * LOW HITPOINT WARNING * * *
The acid dragon claws you.
You die...

.......†.............#
########..###.###..#.##
# #.#...#...# ...## #
#.#..###.###.. .##
##### #.#.#.#.#.#.# ...
.>.(###...###[###.# #..
###.....#. #.#.#.#.#.#
# #.######..###.###..#
###.# ##. #..@#...#
....# ##..###D###..)
##### ##....h....#. .
........####..(#
######.## ## #. #. #.
#.


You could see an acid dragon and a hound.

Vanquished Creatures
  A steam dragon (D:6)
  3 ogres
  A black bear (D:4)
  A centaur (D:6)
  A kobold brigand (D:5)
  2 scorpions
  2 jellies
  2 hounds (D:5)
  An orc priest (D:4)
  A sleepcap (D:4)
  2 iguanas
  Natasha (twice) (D:4)
  5 adders
  A worm (D:2)
  6 dart slugs
  6 orcs
  4 endoplasms
  3 giant cockroaches
  7 goblins
  4 hobgoblins
  4 jackals (D:2)
  12 kobolds
  3 quokkas
  8 ball pythons
  10 bats
  13 frilled lizards
  7 rats
112 creatures vanquished.

Notes
Turn   | Place    | Note
-------+----------+-------------------------------------------
     0 | D:1      | freelancePsychic the Demigod Fighter began the quest for
                  | the Orb.
     0 | D:1      | Reached XP level 1. HP: 18/18 MP: 3/3
    87 | D:1      | Reached skill level 2 in Long Blades
   191 | D:1      | Reached XP level 2. HP: 25/25 MP: 4/4
   472 | D:1      | Reached skill level 1 in Stealth
  1015 | D:2      | Reached XP level 3. HP: 28/30 MP: 5/5
  1810 | D:2      | Reached skill level 3 in Long Blades
  1821 | D:3      | Identified a scroll of acquirement
  1821 | D:3      | Acquired a manual of Fighting
  2304 | D:3      | Reached XP level 4. HP: 25/37 MP: 6/6
  3007 | D:4      | Noticed Eustachio
  3056 | D:4      | Noticed Natasha
  3292 | D:4      | Reached XP level 5. HP: 29/45 MP: 7/7
  3374 | D:4      | Killed Natasha
  3375 | D:4      | Reached skill level 4 in Long Blades
  3765 | D:4      | Noticed Natasha
  4002 | D:4      | Noticed a black bear
  4015 | D:4      | Killed a black bear
  4023 | D:4      | Reached XP level 6. HP: 41/52 MP: 8/8
  4275 | D:5      | Entered Level 5 of the Dungeon
  4501 | D:5      | Reached skill level 5 in Long Blades
  4585 | D:5      | Reached skill level 5 in Fighting
  4661 | D:4      | Reached XP level 7. HP: 53/61 MP: 6/9
  4813 | D:4      | Killed Natasha
  4973 | D:5      | Found a staircase to the Ecumenical Temple.
  5780 | D:6      | Reached skill level 6 in Long Blades
  6037 | D:6      | Reached skill level 5 in Shields
  6037 | D:6      | Noticed a steam dragon
  6222 | D:6      | Killed a steam dragon
  6286 | D:6      | Reached skill level 7 in Long Blades
  6363 | D:6      | Reached skill level 1 in Dodging
  6464 | D:6      | HP: 2/61 [acid dragon (9)]
  6464 | D:6      | Slain by an acid dragon

Illustrated notes

Levels and vault maps discovered:
D:1:      minmay_arrival_plants_in_alcoves, layout_loops_ring,
          minmay_misc_feat_x, roderic_lattice_a, minmay_lizard_king
D:2:      layout_loops_cross, nrook_campfire
D:3:      layout_basic, nzn_wu_jian_council_hall, mainiacjoe_overflow_alcove_4,
          minmay_misc_feat_rows
D:4:      layout_loops_ring, minmay_circle_x, uniq_natasha, uniq_eustachio,
          uniq_crazy_yiuf_cottage
D:5:      layout_basic, nemelex_diamond_rough_becter, lemuel_temple_firewalk_b
D:6:      layout_loops_ring, good_gods_mini_temple, mainiacjoe_overflow_swirl,
          mainiacjoe_overflow_24_doors, minmay_manual_mail, uniq_grinder

Skill      XL: |  1  2  3  4  5  6  7 |
---------------+----------------------+-----
Long Blades    | 2 3 4 5 7 |  7.0
Stealth        | 1 |  1.4
Shields        | 3 4 5 |  5.0
Fighting       | 3 4 5 |  5.2
Dodging        | 1 |  1.1
Armour         | |  2.6

Action                     |  1- 3 |  4- 6 |  7- 9 || total
---------------------------+-------+-------+-------++-------
  Melee: Long sword        |   169 |   141 |    64 ||   374
  Throw: Dart              |       |    29 |    16 ||    45
    Use: Scroll            |     7 |     5 |     3 ||    15
         Potion            |       |     3 |     3 ||     6
   Stab: Sleeping          |     3 |     2 |       ||     5
 Armour: Scale mail        |    27 |       |       ||    27
         Ring mail         |    30 |    56 |    15 ||   101
         Steam dragon scal |       |       |     8 ||     8
  Dodge: Dodged            |    78 |    81 |    45 ||   204
  Block: Buckler           |    44 |    53 |    20 ||   117

Table legend: (Time is in decaauts)
 A = Elapsed time spent in this place.
 B = Non-inter-level travel time spent in this place.
 C = Inter-level travel time spent in this place.
 D = Time resting spent in this place.
 E = Time spent auto-exploring this place.
 F = Levels seen in this place.
 G = Mean time per level.
                   A        B        C        D        E       F      G
               +--------+--------+--------+--------+--------+-----+--------+
         Total |   6587 |   5969 |    618 |    327 |   4358 |   6 | 1097.8 |
       Dungeon |   6587 |   5969 |    618 |    327 |   4358 |   6 | 1097.8 |
               +--------+--------+--------+--------+--------+-----+--------+

Top non-repeatable levels by time:
     D:3: 1630 daAuts
     D:5: 1400 daAuts
     D:4: 1121 daAuts
     D:1: 1037 daAuts
     D:2: 823 daAuts
     D:6: 573 daAuts
